 Dungeon Crawl Stone Soup version 0.22-a0-369-gc73351f (webtiles) character file.

115831 Megalobster the Slicer (level 17, -6/131 HPs)
             Began as a Human Fighter on Apr 24, 2018.
             Was a High Priest of Okawaru.
             Mangled by a large slime creature (30 damage)
             ... on level 15 of the Dungeon.
             The game lasted 03:10:33 (35022 turns).

Megalobster the Slicer (Human Fighter)             Turns: 35022, Time: 03:10:34

Health: -6/131     AC: 36    Str: 28    XL:     17   Next: 24%
Magic:  25/26      EV: 19    Int:  7    God:    Okawaru [*****.]
Gold:   1613       SH: 16    Dex: 13    Spells: 16/16 levels left

rFire    + . .     SeeInvis +   a - +5 rapier (protect)
rCold    + . .     Gourm    .   N - +1 shield {reflect}
rNeg     . . .     Faith    .   H - +4 fire dragon scales
rPois    +         Spirit   .   L - +2 hat {SInv}
rElec    +         Reflect  +   Z - +0 cloak
rCorr    .         Harm     .   d - +0 pair of gloves
MR       ++...                  j - +2 pair of boots {Fly}
Stlth    +.........             o - amulet of rage
HPRegen  0.31/turn              S - ring "Balik" {rElec rF- rC+ MR+ Str+4}
MPRegen  0.20/turn              t - ring "Xytuo" {rElec rPois rC+ EV+1 Int-3}

@: heroism, protection aura
A: hooves 1, slimy green scales 1, strong 1
a: Heroism, Finesse, Renounce Religion, Evoke Berserk Rage, Evoke Flight


You were on level 15 of the Dungeon.
You worshipped Okawaru.
Okawaru was extremely pleased with you.
You were not hungry.

You visited 4 branches of the dungeon, and saw 24 of its levels.
You also visited: Labyrinth.

You collected 3266 gold pieces.
You spent 1653 gold pieces at shops.

Inventory:

Hand Weapons
 a - a +5 rapier of protection (weapon)
 b - a +9 long sword of draining
 l - the +6 dagger "Lurry" {venom, rC+}
   (You took it off a minotaur in a labyrinth)

   It poisons the flesh of those it strikes.
   It protects you from cold.
 G - a +4 rapier of venom
Missiles
 e - 46 tomahawks
 m - 3 exploding tomahawks
 p - 495 stones
 A - 7 poisoned javelins (quivered)
 Y - 4 tomahawks of returning
Armour
 d - a +0 pair of gloves (worn)
 j - a +2 pair of boots of flying (worn)
 H - +4 fire dragon scales (worn)
 L - a +2 hat of see invisible (worn)
 N - a +1 shield of reflection (worn)
 Z - a +0 cloak (worn)
Jewellery
 n - an uncursed ring of poison resistance
 o - an amulet of rage (around neck)
 s - an uncursed ring of protection from magic
 t - the ring "Xytuo" (right hand) {rElec rPois rC+ EV+1 Int-3}
   (You found it on level 13 of the Dungeon)

   [ring of evasion]

   It affects your evasion (+1).
   It affects your intelligence (-3).
   It protects you from cold.
   It insulates you from electricity.
   It protects you from poison.
 I - an uncursed ring of resist corrosion
 M - an uncursed ring of protection from cold
 S - the ring "Balik" (left hand) {rElec rF- rC+ MR+ Str+4}
   (You bought it in a shop on level 2 of the Orcish Mines)

   [ring of protection from magic]

   It affects your strength (+4).
   It makes you vulnerable to fire.
   It protects you from cold.
   It insulates you from electricity.
   It affects your resistance to hostile enchantments.
 V - an uncursed ring of positive energy
Wands
 i - a wand of flame (90)
 C - a wand of disintegration (11)
 T - a wand of enslavement (10)
 U - a wand of acid (4)
 W - a wand of clouds (3)
Scrolls
 c - 2 scrolls of amnesia
 g - 8 scrolls of fog
 h - 2 scrolls of teleportation
 q - 2 scrolls of fear
 w - 5 scrolls of magic mapping
 x - a scroll of silence
 E - 10 scrolls of remove curse {@r2}
 K - a scroll of torment
 R - 3 scrolls of identify {@r1}
 X - a scroll of enchant weapon
Potions
 k - 2 potions of cancellation
 r - 2 potions of lignification
 u - a potion of haste
 z - a potion of brilliance
 B - 2 potions of resistance
 D - 13 potions of curing {@q1}
 F - a potion of ambrosia
 J - 6 potions of flight
 O - a potion of mutation
Miscellaneous
 y - a sack of spiders
Comestibles
 f - 28 rations


   Skills:
 + Level 11.5(16.5) Fighting
 - Level 13.8(19.1) Short Blades
 * Level 5.2(15.5) Long Blades
 - Level 7.7(12.7) Throwing
 + Level 12.0(17.0) Armour
 - Level 9.3(14.3) Dodging
 + Level 10.5(15.5) Shields
 + Level 12.2 Invocations
 - Level 6.3 Evocations


You had 16 spell levels left.
You didn't know any spells.

Dungeon Overview and Level Annotations

Branches:
Dungeon (15/15)            Temple (1/1) D:4            Lair (6/6) D:9
  Swamp (0/4) Lair:4       Spider (0/4) Lair:2        Slime (0/5) Lair:6
    Orc (2/2) D:12            Elf (0/3) Orc:2        Vaults (0/5) D:14
 Depths (0/5) D:15

Altars:
Ashenzari
Cheibriados
Dithmenos
Elyvilon
Fedhas
Gozag
Hepliaklqana
Kikubaaqudgha
Makhleb
Nemelex Xobeh
Okawaru
Qazlal
Ru
Sif Muna
Trog
Uskayaw
Vehumet
Wu Jian
Xom
Yredelemnul
Zin
The Shining One
Beogh
Jiyva

Shops:
D:4 ?   D:14 *   Orc:1 *   Orc:2 (=*[

Annotations:
Lair:3 exclusion: 2 oklob plants, Klosterheim's ghost, journeyman FoMo


Innate Abilities, Weirdness & Mutations

You have large cloven feet.
You are partially covered in slimy green scales. (AC +2)
Your muscles are strong. (Str +2)


Message History

You take 7 damage, and have 23/131 hp.
You impale the large slime creature!!
The large slime creature is lightly wounded.
The wolf spider misses you. x2
You hit the large slime creature.
The large slime creature is lightly wounded.
The large slime creature barely misses you.
The wolf spider hits you but does no damage.
The wolf spider bites you but does no damage.
You block the fire crab's attack. x2
The six-headed hydra bites you but does no damage. x2
The six-headed hydra misses you.
The six-headed hydra bites you but does no damage.
You block the six-headed hydra's attack.
The six-headed hydra bites you but does no damage.
You puncture the large slime creature!
The large slime creature is moderately wounded.
You block the wolf spider's attack. The wolf spider closely misses you.
The large slime creature hits you!!
You die...

)..(...............##..#.........
...(...............#..#..........
...(..................#.......##.
.............................###.
............####....##.......###.
............#..#########....###..
............#..# #....#....
............##.####># #........#
............#..J@t.# ###........#
............#≈.#sD.# #.......#..#
............#..#...# #......##..#
.........)..#.####.####.....###..
...........)...#......#.....###..
...........#.≈...≈.#..#.###..##..
...........#...########## ##.....
..............## ##...# ##...#
####..........# ##...## ##...


You could see a six-headed hydra, a large slime creature (berserk), a wolf
spider (berserk) and a fire crab shaped shifter.

Vanquished Creatures
  Rupert (D:15)
  Gastronok (D:8)
  The ghost of Feta the Peltast, an adept FoFE of Qazlal (D:15)
  Agnes (D:15)
  An orc warlord (Orc:2)
  Nessos (D:15)
  A minotaur (Lab)
  Snorg (D:14)
  A fire dragon (Lair:6)
  6 hydras
  3 catoblepae
  3 centaur warriors
  An ogre mage (D:15)
  2 dancing weapons (D:14)
  9 two-headed ogres
  A death knight (D:12)
  5 tengu warriors (D:13)
  An orc high priest (Orc:2)
  Sonja (D:14)
  Nergalle (Orc:2)
  4 skeletal warriors (D:15)
  2 unseen horrors
  A swamp dragon (Lair:6)
  4 harpies (D:13)
  4 orc sorcerers (Orc:2)
  6 orc knights
  3 cyclopes
  4 manticores
  7 elephants
  7 ugly things
  4 centaur zombies
  2 black mambas
  3 torpor snails (Lair:6)
  4 gargoyles
  A yaktaur (D:15)
  11 spiny frogs
  10 komodo dragons
  5 rime drakes
  10 polar bears
  A hornet (D:12)
  10 wind drakes (D:12)
  6 trolls
  Grinder (D:3)
  4 raiju (Lair:6)
  A slime creature (D:7)
  9 blink frogs
  2 meliai zombies
  10 hippogriffs
  11 air elementals (D:12)
  Sigmund (D:2)
  A redback (Lair:2)
  A human (D:8)
  A shadow (D:8)
  5 wraiths
  78 yaks
  11 wyverns
  6 basilisks
  4 hungry ghosts
  13 wargs
  14 insubstantial wisps (D:12)
  A steam dragon (Lair:6)
  12 vampire mosquitoes
  3 soldier ants
  7 acid dragons
  10 water moccasins
  11 hell hounds (Lair:6)
  36 orc warriors
  A swamp drake (Lair:6)
  16 porcupines
  2 ice beasts
  12 black bears
  An eye of draining (D:8)
  4 phantoms
  2 sky beasts
  18 wolves
  7 necrophages
  10 ogres
  13 crocodiles
  9 centaurs
  15 bullfrogs
  5 scorpions
  6 killer bees
  17 wights
  An electric eel (Lair:3)
  3 howler monkeys
  6 crimson imps
  2 bullfrog skeletons
  11 jellies
  10 centaur skeletons
  3 quasits
  29 orc priests
  Crazy Yiuf (D:7)
  9 hounds
  25 orc wizards
  9 hell rats (Lair:1)
  8 iguanas
  5 worker ants
  A hound skeleton (D:11)
  A howler monkey zombie (D:8)
  4 worker ant zombies
  11 gnolls
  10 adders
  12 river rats (Lair:1)
  3 shadow imps
  16 oozes
  An adder zombie (D:7)
  An adder skeleton (D:5)
  3 worms
  7 ball lightnings (D:12)
  A dart slug (D:1)
  5 leopard geckos
  142 orcs
  3 ball pythons
  6 bats
  3 giant cockroaches
  3 hobgoblins
  11 jackals
  8 kobolds
  11 quokkas
  2 frilled lizards
  12 goblins
  A jackal skeleton (D:5)
  2 leopard gecko skeletons
  18 rats
  A bush (D:10)
  4 fungi
  3 plants
970 creatures vanquished.

Vanquished Creatures (collateral kills)
  A tengu conjurer (D:13)
  An eye of draining (D:13)
  A worker ant (D:13)
3 creatures vanquished.

Vanquished Creatures (others)
  A wind drake (D:12)
  2 centaurs (D:15)
  A human (D:4)
  7 ball lightnings (D:12)
  An orc (D:6)
  12 fungi
  20 plants
44 creatures vanquished.

Grand Total: 1017 creatures vanquished

Notes
Turn   | Place    | Note
-------+----------+-------------------------------------------
     0 | D:1      | Megalobster the Human Fighter began the quest for the Orb.
     0 | D:1      | Reached XP level 1. HP: 18/18 MP: 1/1
    58 | D:1      | Reached XP level 2. HP: 22/24 MP: 2/2
   394 | D:1      | Reached skill level 3 in Short Blades
   602 | D:1      | Reached XP level 3. HP: 29/29 MP: 3/3
   818 | D:1      | Upgraded the game from 0.22-a0-368-g870eee8 to 0.22-a0-369-gc73351f
  1321 | D:2      | Reached XP level 4. HP: 35/35 MP: 4/4
  1433 | D:2      | Noticed a hungry ghost
  1450 | D:2      | Killed a hungry ghost
  1450 | D:2      | Reached skill level 4 in Short Blades
  1450 | D:2      | Reached XP level 5. HP: 41/41 MP: 4/6
  1496 | D:2      | Reached XP level 6. HP: 42/47 MP: 7/7
  1673 | D:2      | Noticed Sigmund
  1690 | D:2      | Killed Sigmund
  1690 | D:2      | Reached skill level 5 in Short Blades
  2082 | D:3      | Found a sacrificial altar of Ru.
  2091 | D:3      | Reached XP level 7. HP: 49/52 MP: 9/9
  2238 | D:3      | Noticed Grinder
  2260 | D:3      | Killed Grinder
  2260 | D:3      | Reached skill level 6 in Short Blades
  2771 | D:4      | Found Fusautost's Magic Scroll Emporium.
  2780 | D:4      | Reached skill level 5 in Evocations
  2782 | D:4      | Bought a scroll of teleportation for 33 gold pieces
  2782 | D:4      | Bought a scroll of remove curse for 33 gold pieces
  2782 | D:4      | Bought a scroll of identify for 22 gold pieces
  2783 | D:4      | Bought a scroll of identify for 22 gold pieces
  2783 | D:4      | Bought a scroll of identify for 22 gold pieces
  2783 | D:4      | Bought a scroll of identify for 22 gold pieces
  2920 | D:4      | Reached XP level 8. HP: 55/58 MP: 11/11
  2967 | D:4      | Found a staircase to the Ecumenical Temple.
  3028 | Temple   | Entered the Ecumenical Temple
  3206 | Temple   | Became a worshipper of Warmaster Okawaru
  3466 | D:4      | Found an ancient bone altar of Kikubaaqudgha.
  3466 | D:4      | Noticed a human
  3469 | D:4      | Killed a human
  3791 | D:4      | Found a burning altar of Makhleb.
  3923 | D:5      | Entered Level 5 of the Dungeon
  3958 | D:5      | Reached skill level 7 in Short Blades
  3958 | D:5      | Reached skill level 1 in Invocations
  3964 | D:5      | Reached skill level 1 in Dodging
  4158 | D:5      | Reached * piety under Okawaru
  4737 | D:5      | Reached XP level 9. HP: 61/64 MP: 13/13
  5084 | D:6      | HP: 2/65 [acid (6)]
  5649 | D:6      | Found a shadowy altar of Dithmenos.
  6316 | D:7      | Reached ** piety under Okawaru
  6412 | D:7      | Reached skill level 8 in Short Blades
  6782 | D:7      | Reached XP level 10. HP: 73/73 MP: 14/14
  6942 | D:7      | Reached *** piety under Okawaru
  6975 | D:6      | HP: 1/73 [orc wizard/puff of frost (11)]
  6997 | D:6      | Reached skill level 5 in Invocations
  7369 | D:7      | Found a runed door.
  7373 | D:7      | Noticed Crazy Yiuf
  7386 | D:7      | Killed Crazy Yiuf
  7855 | D:8      | Noticed Gastronok
  8005 | D:8      | Killed Gastronok
  8005 | D:8      | Reached **** piety under Okawaru
  8005 | D:8      | Reached skill level 5 in Fighting
  8005 | D:8      | Reached skill level 9 in Short Blades
  8005 | D:8      | Reached skill level 5 in Armour
  8005 | D:8      | Reached skill level 5 in Shields
  8203 | D:8      | Reached XP level 11. HP: 76/80 MP: 13/15
  8316 | D:8      | Found a runed door.
  8320 | D:8      | Noticed a two-headed ogre
  8323 | D:8      | Killed a two-headed ogre
  8336 | D:8      | Reached ***** piety under Okawaru
  8356 | D:8      | Noticed a two-headed ogre
  8366 | D:8      | Killed a two-headed ogre
  8373 | D:8      | Reached skill level 10 in Short Blades
  8520 | D:8      | Found a runed door.
  8727 | D:9      | Received a gift from Okawaru
  8749 | D:9      | Reached skill level 5 in Dodging
  9360 | D:9      | Found a sparkling altar of Nemelex Xobeh.
  9362 | D:9      | Noticed a two-headed ogre
  9377 | D:9      | Killed a two-headed ogre
  9445 | D:9      | Found a staircase to the Lair.
  9639 | D:10     | Entered Level 10 of the Dungeon
 10013 | D:10     | Found a blossoming altar of Fedhas.
 10097 | D:10     | Reached XP level 12. HP: 84/89 MP: 18/18
 10732 | D:4      | Bought a scroll of fog for 22 gold pieces
 10732 | D:4      | Bought a scroll of amnesia for 38 gold pieces
 10732 | D:4      | Bought a scroll of enchant armour for 82 gold pieces
 10732 | D:4      | Bought a scroll of enchant armour for 82 gold pieces
 10732 | D:4      | Bought a scroll of identify for 22 gold pieces
 10837 | Lair:1   | Entered Level 1 of the Lair of Beasts
 11482 | Lair:1   | Noticed a four-headed hydra
 11501 | Lair:1   | Killed a four-headed hydra
 11897 | Lair:1   | Received a gift from Okawaru
 11924 | Lair:1   | Reached skill level 11 in Short Blades
 12802 | Lair:2   | Found a hole to the Spider Nest.
 12910 | Lair:2   | Found a labyrinth entrance.
 12963 | Lab      | Entered a labyrinth
 13224 | Lab      | Noticed a minotaur
 13239 | Lab      | Killed a minotaur
 13244 | Lab      | Got a slimy dagger {venom}
 13271 | Lab      | Got a transparent cloak
 13282 | Lab      | Identified the -1 cloak "Sose" {SInv} (You found it in a labyrinth)
 13285 | Lair:2   | Identified the +6 dagger "Lurry" {venom, rC+} (You took it off a minotaur in a labyrinth)
 13862 | Lair:2   | Reached XP level 13. HP: 85/96 MP: 20/20
 14469 | Lair:3   | Received a gift from Okawaru
 14723 | Lair:3   | Noticed Klosterheim's ghost (journeyman FoMo)
 15460 | Lair:3   | Noticed a catoblepas
 15487 | Lair:3   | Killed a catoblepas
 15757 | Lair:2   | Reached skill level 12 in Short Blades
 16886 | Lair:3   | Reached skill level 10 in Invocations
 17870 | D:11     | Found a glowing silver altar of Zin.
 18579 | D:11     | Found a radiant altar of Vehumet.
 18834 | D:12     | Found a staircase to the Orcish Mines.
 19392 | D:12     | Reached XP level 14. HP: 108/108 MP: 21/21
 19482 | D:12     | Reached skill level 1 in Throwing
 19488 | D:12     | Got an ancient whip
 20851 | D:9      | Identified the +5 whip "Girchyokuf" {drain, Dex+2} (You found it on level 12 of the Dungeon)
 22170 | Lair:4   | Found a staircase to the Swamp.
 22187 | Lair:4   | Found an ornate altar of the Wu Jian Council.
 22830 | Lair:5   | Reached skill level 10 in Fighting
 22846 | Lair:5   | Gained mutation: Your muscles are strong. (Str +2) [potion of mutation]
 22846 | Lair:5   | Gained mutation: You are partially covered in slimy green scales. (AC +2) [potion of mutation]
 22846 | Lair:5   | Gained mutation: You have large cloven feet. [potion of mutation]
 23033 | Lair:5   | Received a gift from Okawaru
 23957 | Lair:6   | Entered Level 6 of the Lair of Beasts
 24017 | Lair:6   | Reached skill level 10 in Armour
 24245 | Lair:6   | Reached XP level 15. HP: 115/115 MP: 23/23
 24298 | Lair:6   | Found a viscous altar of Jiyva.
 24346 | Lair:6   | Found a staircase to the Slime Pits.
 24379 | Lair:6   | Found a sacrificial altar of Ru.
 24455 | Lair:6   | Reached skill level 5 in Throwing
 25532 | Lair:6   | Received a gift from Okawaru
 25910 | Lair:6   | Reached skill level 13 in Short Blades
 26926 | Orc:1    | Entered Level 1 of the Orcish Mines
 27048 | Orc:1    | Found Gacit's Assorted Antiques.
 27149 | Orc:1    | Received a gift from Okawaru
 27533 | Orc:1    | Found a shimmering altar of Xom.
 27774 | Orc:2    | Entered Level 2 of the Orcish Mines
 27774 | Orc:2    | Found a staircase to the Elven Halls.
 28132 | Orc:2    | Found a roughly hewn altar of Beogh.
 28312 | Orc:2    | Noticed Nergalle
 28325 | Orc:2    | Killed Nergalle
 28338 | Orc:2    | Noticed an orc warlord
 28372 | Orc:2    | Killed an orc warlord
 28726 | Orc:2    | Reached XP level 16. HP: 115/124 MP: 24/24
 28731 | Orc:2    | Found a roughly hewn altar of Beogh.
 28801 | Orc:2    | Found Peas's Antique Weapon Shop.
 28806 | Orc:2    | Found Mimanumn's General Store.
 28838 | Orc:2    | Found Suarauff's Jewellery Shop.
 28903 | Orc:2    | Found Doostibbi's Antique Armour Shop.
 28955 | Orc:2    | Bought the ring "Balik" {rElec rF- rC+ MR+ Str+4} for 616 gold pieces
 29426 | Orc:2    | Bought a glowing rapier for 238 gold pieces
 29479 | Orc:2    | Bought a brightly glowing scale mail for 315 gold pieces
 29479 | Orc:2    | Identified the +3 scale mail of the Eleven Coins {Str+2} (You bought it in a shop on level 2 of the Orcish Mines)
 30331 | D:13     | Received a gift from Okawaru
 32392 | D:13     | Got a translucent jade ring
 32393 | D:13     | Identified the ring "Xytuo" {rElec rPois rC+ EV+1 Int-3} (You found it on level 13 of the Dungeon)
 32610 | D:14     | Noticed Snorg
 32625 | D:14     | Killed Snorg
 32625 | D:14     | Reached skill level 1 in Long Blades
 32699 | D:14     | Found a gate to the Vaults.
 32712 | D:14     | Reached skill level 10 in Shields
 32753 | D:14     | Noticed Sonja
 32763 | D:14     | Killed Sonja
 32937 | D:14     | Found Heish's Changing Room.
 33107 | D:14     | Bought a potion of lignification for 42 gold pieces
 33107 | D:14     | Bought a potion of lignification for 42 gold pieces
 33350 | D:14     | Received a gift from Okawaru
 33475 | D:14     | Found a roughly hewn altar of Beogh.
 33698 | D:15     | Entered Level 15 of the Dungeon
 33773 | D:15     | Received a gift from Okawaru
 33817 | D:15     | Noticed Nessos
 33818 | D:15     | Noticed Agnes
 33828 | D:15     | Killed Nessos
 33840 | D:15     | Killed Agnes
 33879 | D:15     | Noticed Feta's ghost (adept FoFE)
 33903 | D:15     | Killed Feta's ghost
 34137 | D:15     | Reached XP level 17. HP: 122/131 MP: 26/26
 34312 | D:15     | Received a gift from Okawaru
 34554 | D:15     | Noticed Rupert
 34564 | D:15     | Killed Rupert
 34569 | D:15     | Reached skill level 5 in Long Blades
 34820 | D:15     | Found an opulent altar of Gozag.
 35004 | D:15     | Found a staircase to the Depths.
 35022 | D:15     | Mangled by a large slime creature

Vault maps used:
D:1:      eino_arrival_cavern_a, minivault_14
D:2:      wad_lake_hut, uniq_sigmund
D:3:      nicolae_ru_sacrificial_ziggurat, uniq_grinder
D:4:      lemuel_coloured_pillars_altar, minmay_temple_entry_mist, serial_shops,
          shop, tgw_kikubaaqudgha
D:5:      first_ration
D:6:      minmay_misc_feat_room, nicolae_dithmenos_shadow_blocks
D:7:      lemuel_slime, uniq_crazy_yiuf_cottage
D:8:      cheibrodos_histonic, grunt_pizzeria, skrybe_limestone_x,
          uniq_gastronok
D:9:      grunt_lair_entry_orc_guard_hut, basic_altar
D:10:     minivault_27, fedhas_altar_decomposition
D:11:     basic_altar, lemuel_tele_altar
D:12:     hiddenorc2_lemuel, aerie_lemuel
D:13:     hangedman_aviary
D:14:     erik_vaults_1, minmay_misc_feat_five, nicolae_transmutations_shop,
          uniq_snorg, uniq_sonja
D:15:     hangedman_depths_entry_try_elsewhere_first,
          nicolae_gozag_seed_capital, minmay_misc_feat_iff, uniq_nessos,
          uniq_rupert, uniq_agnes
Temple:   regret_index_temple_chain_breaker
Lair:1:   lemuel_ratsnest
Lair:2:   spider_nest_entry_webs, lab_entry_generic
Lair:3:   statuecave_lemuel, beast_lair_carwin_1, serial_bayou_shore_b,
          serial_bayou_shore_a, lemuel_fruit_tree, minmay_lair_oklob_chamber,
          grunt_megastairs_2
Lair:4:   nzn_motion_control, swamp_mist, basic_altar, grunt_megastairs_4,
          infiniplex_staircase_pool_2
Lair:5:   special_room, serial_bayou_shore_b, grunt_megastairs_1
Lair:6:   guppyfry_lair_end_dragon, hangedman_lair_caniforms_friends,
          slime_altar_1, basic_altar, nicolae_lair_grove_arrangements,
          grunt_megastairs_5
Orc:1:    serial_shops, nicolae_shop_statue_plus, lemuel_statue_altar
Orc:2:    grunt_orc_cross, basic_altar
Lab:      nicolae_lab_dead_adventurers

Skill      XL: |  1  2  3  4  5  6  7  8  9 10 11 12 13 14 15 16 17 |
---------------+----------------------------------------------------+-----
Short Blades   | 3 4 5 6 7 8 9 10 11 12 13 | 13.8
Evocations     | 2 3 5 6 |  6.3
Invocations    | 1 4 6 8 9 10 11 12 | 12.2
Dodging        | 1 3 4 5 6 7 8 9 |  9.3
Fighting       | 4 5 6 7 9 10 11 | 11.5
Shields        | 4 5 6 7 8 9 10 | 10.5
Armour         | 4 5 6 7 8 10 11 12 | 12.0
Throwing       | 4 6 7 |  7.7
Long Blades    | 4 5 |  5.2

Action                   |  1- 3 |  4- 6 |  7- 9 | 10-12 | 13-15 | 16-18 || total
-------------------------+-------+-------+-------+-------+-------+-------++-------
Melee: Rapier            |    94 |    54 |       |   102 |   966 |   744 ||  1960
       Short sword       |       |     5 |   251 |   590 |       |       ||   846
       Dagger            |       |       |   247 |   330 |  1324 |       ||  1901
       Kick              |       |       |       |       |   318 |       ||   318
       Long sword        |       |       |       |       |       |   167 ||   167
Throw: Stone             |       |       |    23 |    59 |    90 |    30 ||   202
       Tomahawk          |       |       |       |       |   145 |    98 ||   243
       Javelin           |       |       |       |       |       |     7 ||     7
Invok: Heroism           |       |       |     6 |    19 |    46 |    20 ||    91
       Finesse           |       |       |       |     2 |    14 |     5 ||    21
 Abil: Evoke Berserk Rag |       |     1 |     7 |     8 |    21 |     4 ||    41
       Stop Flying       |       |       |       |       |       |     4 ||     4
       Evoke Flight      |       |       |       |       |       |     3 ||     3
Evoke: Wand              |       |       |     2 |    25 |    23 |     2 ||    52
  Use: Potion            |       |     2 |     2 |     8 |     8 |     7 ||    27
       Scroll            |       |       |     5 |    18 |    12 |    12 ||    47
 Stab: Petrified         |       |       |       |       |     1 |       ||     1
       Distracted        |       |       |       |       |       |     1 ||     1
  Eat: Chunk             |     1 |     2 |    11 |    19 |    40 |    12 ||    85
       Ration            |       |     1 |     3 |     4 |     8 |     4 ||    20
Armor: Scale mail        |    34 |    20 |   119 |    19 |       |       ||   192
       Chain mail        |       |       |       |    65 |       |       ||    65
       Plate armour      |       |       |       |    74 |   342 |       ||   416
       Fire dragon scale |       |       |       |       |   103 |   321 ||   424
       Acid dragon scale |       |       |       |       |     8 |       ||     8
       Skin              |       |       |       |       |       |   126 ||   126
Dodge: Dodged            |    20 |    12 |   109 |   163 |   544 |   475 ||  1323
Block: Shield            |    35 |    20 |   160 |   311 |   806 |   672 ||  2004
       Reflection        |       |       |       |       |       |    25 ||    25
       Rpst.: Long sword |       |       |       |       |       |    10 ||    10

Table legend:
 A = Spawn XP
 B = Non-spawn XP
 C = Spawn XP percentage of total XP
 D = Spawn monster count
 E = Non-spawn monster count
 F = Spawn count percentage of total count
 G = Total turns spent on level
                    A         B        C        D         E        F      G
               +---------+---------+-------+---------+---------+-------+---------
         Total |       0 |  165473 |   0.0 |       0 |     968 |   0.0 | 35022
               +---------+---------+-------+---------+---------+-------+---------
           D:1 |       0 |      33 |   0.0 |       0 |      18 |   0.0 |   819
           D:2 |       0 |     462 |   0.0 |       0 |      18 |   0.0 |   958
           D:3 |       0 |     329 |   0.0 |       0 |      27 |   0.0 |   976
           D:4 |       0 |     416 |   0.0 |       0 |      19 |   0.0 |  1002
           D:5 |       0 |     879 |   0.0 |       0 |      25 |   0.0 |  1608
           D:6 |       0 |     664 |   0.0 |       0 |      20 |   0.0 |  1020
           D:7 |       0 |    2153 |   0.0 |       0 |      60 |   0.0 |  1345
           D:8 |       0 |    5867 |   0.0 |       0 |      30 |   0.0 |   954
           D:9 |       0 |    3388 |   0.0 |       0 |      34 |   0.0 |  1147
          D:10 |       0 |    3134 |   0.0 |       0 |      29 |   0.0 |  1276
          D:11 |       0 |    4323 |   0.0 |       0 |      29 |   0.0 |  1412
          D:12 |       0 |   14026 |   0.0 |       0 |     115 |   0.0 |  3926
          D:13 |       0 |   16151 |   0.0 |       0 |      64 |   0.0 |  1082
          D:14 |       0 |   11703 |   0.0 |       0 |      52 |   0.0 |  1090
          D:15 |       0 |   22268 |   0.0 |       0 |      35 |   0.0 |  1322
        Lair:1 |       0 |    4366 |   0.0 |       0 |      51 |   0.0 |  1960
        Lair:2 |       0 |    7601 |   0.0 |       0 |      36 |   0.0 |  2674
        Lair:3 |       0 |    8193 |   0.0 |       0 |      34 |   0.0 |  1597
        Lair:4 |       0 |    8521 |   0.0 |       0 |      27 |   0.0 |  1882
        Lair:5 |       0 |   10454 |   0.0 |       0 |      43 |   0.0 |  1334
        Lair:6 |       0 |   22722 |   0.0 |       0 |      99 |   0.0 |  2497
         Orc:1 |       0 |    3987 |   0.0 |       0 |      40 |   0.0 |  1035
         Orc:2 |       0 |   12671 |   0.0 |       0 |      62 |   0.0 |  1592
           Lab |       0 |    1162 |   0.0 |       0 |       1 |   0.0 |   321
               +---------+---------+-------+---------+---------+-------+---------
